Admirals vs Rockets

Created - April 18, 2025 at 19:08

Goals
1 2 3 OT1 T
Admirals 0 2 2 0 4
Rockets 3 1 0 1 5
Shots
1 2 3 OT1 T
Admirals 9 7 14 0 30
Rockets 16 17 7 1 41

1st period

1. Rockets , Jacob De La Rose 15 (Josh Anderson 9, Kristians Rubins 1) at 8:07
2. Rockets , Jake Evans 29 (Tage Thompson 14, Alexandre Carrier 34) at 17:23
3. Rockets , Maxime Comtois 30 (Robert Thomas 69, Jared McCann 46) at 19:02

Penalties :
Alex Newhook (Lav) for Slashing (Minor) at 4:01, Barrett Hayton (Lav) for Slashing (Minor) at 10:10

2nd period

4. Admirals , Antti Suomela 13 (Ian Mitchell 36, Pavol Regenda 12) at 0:32
5. Admirals , Ian Mitchell 6 (Mathieu Joseph 50) at 9:09
6. Rockets , Tage Thompson 12 (Jake Evans 43, Barrett Hayton 8) at 9:26

Penalties :
Tage Thompson (Lav) for Interference (Minor) at 10:31, Olli Juolevi (Mil) for Tripping (Minor) at 14:43

3rd period

7. Admirals , Ryan Olsen 8 (Riley Barber 17, Olli Juolevi 43) at 8:20
8. Admirals , Kasper Bjorkqvist 18 (Tobias Bjornfot 19, Riley Barber 18) at 18:32

Penalties :
Maxime Comtois (Lav) for High sticking (Minor) at 4:14, Ian Mitchell (Mil) for Interference (Minor) at 11:42

Overtime #1

9. Rockets , Jacob De La Rose 16 (Jake Evans 44, Alexandre Carrier 35) at 4:16

Penalties :
No Penalty

Goalie Stats

Felix Sanstrom (Mil), 36 saves from 41 shots - (0.878), OTL, 29-19-5, 64:16 minutes
Marcus Hogberg (Lav), 26 saves from 30 shots - (0.867), W, 25-10-2, 64:16 minutes

Players Stats for Admirals

Player Name              G  A  P  +/- PIM S  H  SB GA TA FO     MP     PP MP  PK MP  
------------------------------------------------------------------------------------
Antti Suomela            1  0  1  -1  0   1  2  0  0  0  5/8    16:02   3:15   0:00 
Christian Djoos          0  0  0  -1  0   1  1  0  0  0  0/0     6:57   0:00   1:55 
Hunter Shinkaruk         0  0  0  -1  0   5  3  0  2  0  3/4    23:32   4:39   1:00 
Ian Mitchell             1  1  2   0  2   2  1  2  0  2  0/0    25:16   5:10   0:56 
Josh Norris              0  0  0   0  0   1  0  0  1  0  3/7    13:04   0:02   1:12 
Josh Wesley              0  0  0  -1  0   0  0  0  0  0  0/0     9:40   0:00   0:22 
Kasper Bjorkqvist        1  0  1   0  0   2  0  0  1  0  0/0    11:28   0:02   0:00 
Lucas Wallmark           0  0  0  -1  0   2  1  0  1  0  13/31  24:20   4:39   2:07 
Mark McNeill             0  0  0  -1  0   3  4  1  0  0  1/1    17:21   3:15   0:45 
Mathieu Joseph           0  1  1   0  0   5  5  0  1  0  1/2    24:34   4:39   2:07 
Milos Kelemen            0  0  0   1  0   0  1  0  0  0  1/1     8:13   0:00   0:00 
Nolan Vesey              0  0  0   0  0   1  1  0  0  0  1/1    10:43   0:00   0:00 
Olli Juolevi             0  1  1   1  2   2  1  1  0  0  0/0    20:08   2:46   0:45 
Pavol Regenda            0  1  1  -1  0   0  1  0  0  1  0/2    16:02   3:15   0:00 
Reilly Walsh             0  0  0   0  0   2  0  1  0  2  0/0    27:01   5:10   2:04 
Riley Barber             0  2  2   1  0   0  1  0  0  0  0/0    10:07   0:02   0:45 
Ryan Olsen               1  0  1   1  0   2  0  1  0  0  0/0     8:37   0:00   0:00 
Sean Durzi               0  0  0  -1  0   0  0  0  0  0  0/0    10:36   0:00   0:06 
Sergei Zborovskiy        0  0  0  -1  0   0  0  2  0  0  0/0     4:30   0:00   0:00 
Tobias Bjornfot          0  1  1   2  0   1  1  1  0  1  0/0    20:37   2:46   1:48 

Players Stats for Rockets

Player Name              G  A  P  +/- PIM S  H  SB GA TA FO     MP     PP MP  PK MP  
------------------------------------------------------------------------------------
Alex Newhook             0  0  0   0  2   0  0  1  0  0  0/0     8:42   1:48   0:34 
Alexandre Carrier        0  2  2   2  0   3  0  3  0  2  0/0    26:46   1:49   4:28 
Arber Xhekaj             0  0  0   0  0   0  1  0  0  0  0/0     7:45   0:00   0:06 
Barrett Hayton           0  1  1   1  2   2  0  0  0  1  0/1    15:04   0:00   0:46 
Cole Caufield            0  0  0   0  0   1  0  0  0  0  0/0     9:01   1:45   0:00 
Connor Clifton           0  0  0   0  0   0  0  1  0  0  0/0    12:17   0:31   3:22 
Jackson LaCombe          0  0  0   2  0   1  0  0  0  0  0/0     7:42   0:00   0:00 
Jacob Bryson             0  0  0  -3  0   2  1  0  0  0  0/0    13:59   0:00   0:06 
Jacob De La Rose         2  0  2   1  0   3  3  3  1  0  6/17   20:51   0:00   4:16 
Jake Evans               1  2  3   2  0   2  1  1  0  0  10/16  16:48   1:38   0:16 
Jared McCann             0  1  1  -1  0   4  4  1  0  0  9/16   18:14   2:20   1:47 
Josh Anderson            0  1  1   0  0   5  0  0  0  1  0/2    16:46   0:00   1:47 
Kirby Dach               0  0  0   0  0   1  0  0  1  0  1/1     9:01   1:45   0:00 
Kristians Rubins         0  1  1   2  0   1  0  1  0  0  0/0    11:04   0:00   3:22 
Maxime Comtois           1  0  1  -1  2   5  1  0  4  0  3/4    18:41   2:13   1:28 
Nicolas Hague            0  0  0  -3  0   0  1  0  0  0  0/0    22:00   0:00   4:28 
Robert Thomas            0  1  1  -1  0   4  0  0  0  1  0/0    16:30   2:13   0:00 
Simon Benoit             0  0  0   1  0   2  0  2  0  0  0/0    18:36   1:38   0:00 
Tage Thompson            1  1  2   1  2   2  0  2  0  0  0/0    17:32   0:00   3:25 
Trevor Zegras            0  0  0   0  0   3  2  0  0  1  0/0    17:29   2:10   1:33 

3 Stars

1 - Jacob De La Rose (Lav)
2 - Jake Evans (Lav)
3 - Alexandre Carrier (Lav)

Power Play

Admirals - 0 on 4 Attempt(s) - 0.00%
Rockets - 0 on 2 Attempt(s) - 0.00%

Penalty Kill

Admirals - 2 on 2 Attempt(s) - 100.00% - Score 0 goal in Penalty Kill
Rockets - 4 on 4 Attempt(s) - 100.00% - Score 0 goal in Penalty Kill

Team Stat

Admirals - Hits : 23 - Faceoff Wins : 28 - Blocked Shots : 9 - Penalty Minutes : 4
Rockets - Hits : 14 - Faceoff Wins : 29 - Blocked Shots : 15 - Penalty Minutes : 8

Official

Referees : Brandon Blandina and Beaudry Halkidis
Linesman : Ryan Daisy and Pierre Racicot

Game Notes

Sergei Zborovskiy is injured at 6:27 of 2nd period (Sore Left Knee)
9:26 of 2nd period - Rockets goal is going for a video replay. After video review, Goal.
Nicolas Hague is injured at 3:43 of 1st overtime period (Abdominal Strain)

Finance

Level 1 -- Attendance: 1947 (97.35%) -- Ticket Income $136,290
Level 2 -- Attendance: 982 (98.20%) -- Ticket Income $39,280
Total Attendance: 2929 (97.63%)
Total Ticket Income: $175,570
Other Income: $8,778
Total Income: $184,348

Admirals

5 vs 5 Forward 
   Center                   Left Wing                Right Wing               Time % Phy DF OF 
 1 Lucas Wallmark           Hunter Shinkaruk         Mathieu Joseph           40     1   2  2  
 2 Antti Suomela            Pavol Regenda            Mark McNeill             30     1   2  2  
 3 Josh Norris              Nolan Vesey              Kasper Bjorkqvist        20     1   2  2  
 4 Ryan Olsen               Milos Kelemen            Riley Barber             10     1   2  2  

5 vs 5 Defense 
   Defense                  Defense                                           Time % Phy DF OF 
 1 Reilly Walsh             Ian Mitchell                                      40     1   2  2  
 2 Olli Juolevi             Tobias Bjornfot                                   30     1   2  2  
 3 Sergei Zborovskiy        Sean Durzi                                        20     1   2  2  
 4 Christian Djoos          Josh Wesley                                       10     1   2  2  

PowerPlay Forward 
   Center                   Left Wing                Right Wing               Time % Phy DF OF 
 1 Lucas Wallmark           Hunter Shinkaruk         Mathieu Joseph           60     1   1  3  
 2 Antti Suomela            Pavol Regenda            Mark McNeill             40     1   1  3  

PowerPlay Defense
   Defense                  Defense                                           Time % Phy DF OF 
 1 Reilly Walsh             Ian Mitchell                                      60     1   2  2  
 2 Olli Juolevi             Tobias Bjornfot                                   40     1   2  2  

Penalty Kill 4 Players Forward 
   Center                   Wing                     Time % Phy DF OF 
 1 Lucas Wallmark           Mathieu Joseph           60     1   2  2  
 2 Mark McNeill             Riley Barber             40     1   2  2  

Penalty Kill 4 Players Defense
   Defense                  Defense                  Time % Phy DF OF 
 1 Reilly Walsh             Ian Mitchell             60     1   3  1  
 2 Olli Juolevi             Tobias Bjornfot          40     1   3  1  

Penalty Kill - 3 Players Forward 
   Forward                                           Time % Phy DF OF 
 1 Mathieu Joseph                                    60     1   3  1  
 2 Mark McNeill                                      40     1   3  1  

Penalty Kill - 3 Players Defense
   Defense                  Defense                  Time % Phy DF OF 
 1 Reilly Walsh             Ian Mitchell             60     1   3  1  
 2 Christian Djoos          Olli Juolevi             40     1   3  1  

4 vs 4 Forward 
   Center                   Wing                     Time % Phy DF OF 
 1 Lucas Wallmark           Mathieu Joseph           60     1   2  2  
 2 Mark McNeill             Hunter Shinkaruk         40     1   2  2  

4 vs 4 Defense
   Defense                  Defense                  Time % Phy DF OF 
 1 Reilly Walsh             Ian Mitchell             60     1   2  2  
 2 Olli Juolevi             Tobias Bjornfot          40     1   2  2  

Last Minutes Offensive
   Center                   Left Wing                Right Wing               Defense                  Defense                  
   Lucas Wallmark           Hunter Shinkaruk         Mathieu Joseph           Olli Juolevi             Ian Mitchell             

Last Minutes Defensive
   Center                   Left Wing                Right Wing               Defense                  Defense                  
   Lucas Wallmark           Hunter Shinkaruk         Mathieu Joseph           Reilly Walsh             Olli Juolevi             

Goaltenders
Starting : Felix Sanstrom           
Backup : Tristan Jarry            

Extra Forwards
Normal : Josh Norris, Riley Barber, Ryan Olsen - PP : Josh Norris, Riley Barber - PK : Josh Norris
Extra Defensemen
Normal : Josh Wesley, Christian Djoos, Tobias Bjornfot - PP : Sean Durzi - PK : Christian Djoos, Josh Wesley
Penalty Shots
Mathieu Joseph, Mark McNeill, Hunter Shinkaruk, Lucas Wallmark, Kasper Bjorkqvist
Custom OT Lines Forwards
Mathieu Joseph, Mark McNeill, Hunter Shinkaruk, Lucas Wallmark, Pavol Regenda, Antti Suomela, Riley Barber, Kasper Bjorkqvist, Nolan Vesey, Milos Kelemen
Custom OT Lines Defensemen
Olli Juolevi, Reilly Walsh, Ian Mitchell, Tobias Bjornfot, Josh Wesley

Scratches
Bokondji Imama (Healthy), Carl Dahlstrom (Healthy), Joni Ikonen (Healthy), Ruslan Iskhakov (Healthy), Filip Chlapik (Healthy)
Grant Hutton (Healthy), Troy Bourke (Healthy), Carsen Twarynski (Healthy), Drew O'Connor (Healthy), Libor Hajek (Healthy)
Gerald Mayhew (Healthy), Mark Kastelic (Healthy), Henry Thrun (Healthy), Patrick Moynihan (Healthy), Jack Malone (Healthy)
Sean Maguire (Healthy)

Rockets

5 vs 5 Forward 
   Center                   Left Wing                Right Wing               Time % Phy DF OF 
 1 Jacob De La Rose         Trevor Zegras            Josh Anderson            30     1   3  1  
 2 Jared McCann             Maxime Comtois           Robert Thomas            30     1   2  2  
 3 Jake Evans               Barrett Hayton           Tage Thompson            30     1   2  2  
 4 Kirby Dach               Alex Newhook             Cole Caufield            10     1   2  2  

5 vs 5 Defense 
   Defense                  Defense                                           Time % Phy DF OF 
 1 Nicolas Hague            Jacob Bryson                                      40     1   2  2  
 2 Simon Benoit             Alexandre Carrier                                 40     1   2  2  
 3 Connor Clifton           Arber Xhekaj                                      10     1   2  2  
 4 Kristians Rubins         Jackson LaCombe                                   10     1   2  2  

PowerPlay Forward 
   Center                   Left Wing                Right Wing               Time % Phy DF OF 
 1 Maxime Comtois           Trevor Zegras            Robert Thomas            70     1   2  2  
 2 Kirby Dach               Alex Newhook             Cole Caufield            30     1   2  2  

PowerPlay Defense
   Defense                  Defense                                           Time % Phy DF OF 
 1 Jared McCann             Alexandre Carrier                                 60     1   2  2  
 2 Jake Evans               Simon Benoit                                      40     1   2  2  

Penalty Kill 4 Players Forward 
   Center                   Wing                     Time % Phy DF OF 
 1 Jacob De La Rose         Tage Thompson            60     1   2  2  
 2 Josh Anderson            Jared McCann             40     1   2  2  

Penalty Kill 4 Players Defense
   Defense                  Defense                  Time % Phy DF OF 
 1 Nicolas Hague            Alexandre Carrier        60     1   2  2  
 2 Kristians Rubins         Connor Clifton           40     1   2  2  

Penalty Kill - 3 Players Forward 
   Forward                                           Time % Phy DF OF 
 1 Jacob De La Rose                                  60     1   2  2  
 2 Jared McCann                                      40     1   2  2  

Penalty Kill - 3 Players Defense
   Defense                  Defense                  Time % Phy DF OF 
 1 Nicolas Hague            Alexandre Carrier        60     1   2  2  
 2 Kristians Rubins         Connor Clifton           40     1   2  2  

4 vs 4 Forward 
   Center                   Wing                     Time % Phy DF OF 
 1 Jacob De La Rose         Maxime Comtois           60     1   2  2  
 2 Josh Anderson            Jared McCann             40     1   2  2  

4 vs 4 Defense
   Defense                  Defense                  Time % Phy DF OF 
 1 Nicolas Hague            Alexandre Carrier        60     1   2  2  
 2 Jacob Bryson             Simon Benoit             40     1   2  2  

Last Minutes Offensive
   Center                   Left Wing                Right Wing               Defense                  Defense                  
   Jared McCann             Trevor Zegras            Robert Thomas            Simon Benoit             Alexandre Carrier        

Last Minutes Defensive
   Center                   Left Wing                Right Wing               Defense                  Defense                  
   Jacob De La Rose         Maxime Comtois           Josh Anderson            Nicolas Hague            Alexandre Carrier        

Goaltenders
Starting : Marcus Hogberg           
Backup : Pyotr Kochetkov          

Extra Forwards
Normal : Jake Evans, Trevor Zegras, Tage Thompson - PP : Jake Evans, Trevor Zegras - PK : Maxime Comtois
Extra Defensemen
Normal : Kristians Rubins, Arber Xhekaj, Jacob Bryson - PP : Kristians Rubins - PK : Jacob Bryson, Arber Xhekaj
Penalty Shots
Maxime Comtois, Jacob De La Rose, Jared McCann, Trevor Zegras, Cole Caufield
Custom OT Lines Forwards
Jacob De La Rose, Jake Evans, Josh Anderson, Jared McCann, Robert Thomas, Maxime Comtois, Barrett Hayton, Trevor Zegras, Tage Thompson, Alex Newhook
Custom OT Lines Defensemen
Nicolas Hague, Alexandre Carrier, Connor Clifton, Simon Benoit, Kristians Rubins

Scratches
Cole Ully (Bruised Left Shoulder Injury), Grant Besse (Healthy), Jeff Corbett (Healthy), Hunter Drew (Healthy), Zach Stepan (Healthy)
Michael Pezzetta (Healthy), Joel Teasdale (Healthy), Zachary Gallant (Healthy), Jayden Struble (Healthy), Joey Daccord (Healthy)

% Time on Ice - Admirals

Lines # - Real PCT - Wanted PCT - Time Play
Normal Forward
1 - 36% - 40% - 17:26
2 - 24% - 30% - 11:44
3 - 22% - 20% - 10:43
4 - 17% - 10% - 8:13
Normal Defense
1 - 38% - 40% - 18:21
2 - 32% - 30% - 15:14
3 - 22% - 20% - 10:30
4 - 8% - 10% - 4:01
PP Forward
1 - 59% - 60% - 4:41
2 - 41% - 40% - 3:15
PP Defense
1 - 65% - 60% - 5:10
2 - 35% - 40% - 2:46
PK Forward
1 - 81% - 60% - 3:13
2 - 19% - 40% - 0:45
PK Defense
1 - 55% - 60% - 2:10
2 - 45% - 40% - 1:48
PK3 Forward
1 - 0% - 60%
2 - 0% - 40%
PK3 Defense
1 - 0% - 60%
2 - 0% - 40%
44 Forward
1 - 0% - 60%
2 - 0% - 40%
44 Defense
1 - 0% - 60%
2 - 0% - 40%
Last Minute Offensive  - 0:00
Last Minute Defensive  - 0:00
Total
Forward - 60:00
Defense - 60:00

% Time on Ice - Rockets

Lines # - Real PCT - Wanted PCT - Time Play
Normal Forward
1 - 30% - 30% - 14:26
2 - 27% - 30% - 12:53
3 - 28% - 30% - 13:33
4 - 15% - 10% - 7:14
Normal Defense
1 - 33% - 40% - 15:51
2 - 35% - 40% - 16:58
3 - 16% - 10% - 7:35
4 - 16% - 10% - 7:42
PP Forward
1 - 56% - 70% - 2:13
2 - 44% - 30% - 1:45
PP Defense
1 - 59% - 60% - 2:20
2 - 41% - 40% - 1:38
PK Forward
1 - 78% - 60% - 6:09
2 - 22% - 40% - 1:47
PK Defense
1 - 58% - 60% - 4:34
2 - 42% - 40% - 3:22
PK3 Forward
1 - 0% - 60%
2 - 0% - 40%
PK3 Defense
1 - 0% - 60%
2 - 0% - 40%
44 Forward
1 - 0% - 60%
2 - 0% - 40%
44 Defense
1 - 0% - 60%
2 - 0% - 40%
Last Minute Offensive  - 0:00
Last Minute Defensive  - 0:00
Total
Forward - 60:00
Defense - 60:00

Play-by-Play

1st period


0:01 of 1st period - Lucas Wallmark wins face-off versus Jacob De La Rose in neutral zone.
1:25 of 1st period - Mathieu Joseph is hit by Jacob De La Rose.
2:08 of 1st period - Sergei Zborovskiy is hit by Nicolas Hague and loses puck.
2:38 of 1st period - Off-side.
2:39 of 1st period - Jared McCann wins face-off versus Lucas Wallmark in neutral zone.
2:46 of 1st period - Wrist shot by Robert Thomas.
2:46 of 1st period - Shot Misses the Net.
2:48 of 1st period - Slapshot by Jacob Bryson.
2:48 of 1st period - Stopped by Felix Sanstrom with a rebound.
2:50 of 1st period - Backhand shot by Jared McCann.
2:50 of 1st period - Stopped by Felix Sanstrom with a rebound.
3:53 of 1st period - Slapshot by Tobias Bjornfot.
3:53 of 1st period - Shot Blocked by Simon Benoit.
4:01 of 1st period - Minor Penalty to Alex Newhook for Slashing.
4:02 of 1st period - Lucas Wallmark wins face-off versus Jacob De La Rose in Rockets zone.
4:05 of 1st period - Slapshot by Mathieu Joseph.
4:05 of 1st period - Stopped by Marcus Hogberg with a rebound.
4:07 of 1st period - Slapshot by Reilly Walsh.
4:07 of 1st period - Stopped by Marcus Hogberg without a rebound.
4:08 of 1st period - Lucas Wallmark wins face-off versus Jacob De La Rose in Rockets zone.
5:18 of 1st period - Icing by Olli Juolevi.
5:19 of 1st period - Jacob De La Rose wins face-off versus Antti Suomela in Admirals zone.
6:01 of 1st period - Penalty to Alex Newhook is over, Alex Newhook is back on ice.
6:50 of 1st period - Wrist shot by Jake Evans.
6:50 of 1st period - Shot Blocked by Mark McNeill.
7:59 of 1st period - Wrist shot by Trevor Zegras.
7:59 of 1st period - Shot Misses the Net.
8:01 of 1st period - Wrist shot by Josh Anderson.
8:01 of 1st period - Stopped by Felix Sanstrom with a rebound.
8:03 of 1st period - Snap shot by Kristians Rubins.
8:03 of 1st period - Stopped by Felix Sanstrom with a rebound.
8:05 of 1st period - Slapshot by Josh Anderson.
8:05 of 1st period - Stopped by Felix Sanstrom with a rebound.
8:07 of 1st period - Slapshot by Jacob De La Rose.
8:07 of 1st period - Goal by Jacob De La Rose - Admirals : 0 - Rockets : 1.
8:08 of 1st period - Jared McCann wins face-off versus Lucas Wallmark in neutral zone.
8:33 of 1st period - Ian Mitchell is hit by Arber Xhekaj.
9:01 of 1st period - Slapshot by Jacob De La Rose.
9:01 of 1st period - Stopped by Felix Sanstrom with a rebound.
9:05 of 1st period - Wrist shot by Josh Anderson.
9:05 of 1st period - Stopped by Felix Sanstrom with a rebound.
9:07 of 1st period - Snap shot by Josh Anderson.
9:07 of 1st period - Shot Misses the Net.
9:09 of 1st period - Wrist shot by Jacob De La Rose.
9:09 of 1st period - Shot Blocked by Ryan Olsen.
9:11 of 1st period - Slapshot by Connor Clifton.
9:11 of 1st period - Shot Misses the Net.
9:41 of 1st period - Snap shot by Trevor Zegras.
9:41 of 1st period - Stopped by Felix Sanstrom with a rebound.
9:43 of 1st period - Wrist shot by Jacob De La Rose.
9:43 of 1st period - Shot Misses the Net.
9:45 of 1st period - Slapshot by Jacob De La Rose.
9:45 of 1st period - Shot Misses the Net.
9:47 of 1st period - Slapshot by Josh Anderson.
9:47 of 1st period - Stopped by Felix Sanstrom without a rebound.
9:48 of 1st period - Hunter Shinkaruk wins face-off versus Jake Evans in Admirals zone.
9:48 of 1st period - Hunter Shinkaruk is hit by Jake Evans.
10:10 of 1st period - Minor Penalty to Barrett Hayton for Slashing.
10:11 of 1st period - Lucas Wallmark wins face-off versus Jacob De La Rose in Rockets zone.
11:17 of 1st period - Nicolas Hague is hit by Mark McNeill and loses puck.
11:34 of 1st period - Connor Clifton is hit by Antti Suomela and loses puck.
12:10 of 1st period - Penalty to Barrett Hayton is over, Barrett Hayton is back on ice.
12:13 of 1st period - Snap shot by Jared McCann.
12:13 of 1st period - Stopped by Felix Sanstrom without a rebound.
12:14 of 1st period - Jared McCann wins face-off versus Josh Norris in Admirals zone.
12:17 of 1st period - Snap shot by Robert Thomas.
12:17 of 1st period - Shot Misses the Net.
12:19 of 1st period - Snap shot by Maxime Comtois.
12:19 of 1st period - Shot Blocked by Sergei Zborovskiy.
12:21 of 1st period - Wrist shot by Jared McCann.
12:21 of 1st period - Deflect By Sean Durzi.
12:21 of 1st period - Stopped by Felix Sanstrom with a rebound.
12:23 of 1st period - Wrist shot by Maxime Comtois.
12:23 of 1st period - Shot Misses the Net.
13:05 of 1st period - Snap shot by Ryan Olsen.
13:05 of 1st period - Stopped by Marcus Hogberg without a rebound.
13:06 of 1st period - Milos Kelemen wins face-off versus Jacob De La Rose in Rockets zone.
13:07 of 1st period - Wrist shot by Riley Barber.
13:07 of 1st period - Shot Blocked by Alexandre Carrier.
13:19 of 1st period - Wrist shot by Josh Anderson.
13:19 of 1st period - Shot Misses the Net.
13:21 of 1st period - Backhand shot by Alexandre Carrier.
13:21 of 1st period - Shot Misses the Net.
13:31 of 1st period - Maxime Comtois is hit by Mathieu Joseph and loses puck.
13:58 of 1st period - Wrist shot by Mark McNeill.
13:58 of 1st period - Stopped by Marcus Hogberg with a rebound.
14:00 of 1st period - Snap shot by Mark McNeill.
14:00 of 1st period - Shot Misses the Net.
15:48 of 1st period - Wrist shot by Kasper Bjorkqvist.
15:48 of 1st period - Shot Misses the Net.
16:09 of 1st period - Snap shot by Antti Suomela.
16:09 of 1st period - Shot Blocked by Kristians Rubins.
16:19 of 1st period - Slapshot by Mark McNeill.
16:19 of 1st period - Stopped by Marcus Hogberg without a rebound.
16:20 of 1st period - Jake Evans wins face-off versus Lucas Wallmark in Rockets zone.
16:20 of 1st period - Jake Evans is hit by Hunter Shinkaruk.
16:23 of 1st period - Icing by Barrett Hayton.
16:24 of 1st period - Jake Evans wins face-off versus Lucas Wallmark in Rockets zone.
16:24 of 1st period - Jake Evans is hit by Hunter Shinkaruk.
16:38 of 1st period - Icing by Jake Evans.
16:39 of 1st period - Antti Suomela wins face-off versus Jake Evans in Rockets zone.
16:50 of 1st period - Snap shot by Mark McNeill.
16:50 of 1st period - Shot Blocked by Tage Thompson.
16:52 of 1st period - Slapshot by Reilly Walsh.
16:52 of 1st period - Shot Blocked by Connor Clifton.
17:13 of 1st period - Wrist shot by Tage Thompson.
17:13 of 1st period - Shot Blocked by Reilly Walsh.
17:15 of 1st period - Slapshot by Tage Thompson.
17:15 of 1st period - Stopped by Felix Sanstrom with a rebound.
17:23 of 1st period - Snap shot by Jake Evans.
17:23 of 1st period - Goal by Jake Evans - Admirals : 0 - Rockets : 2.
17:24 of 1st period - Lucas Wallmark wins face-off versus Jared McCann in neutral zone.
17:29 of 1st period - Slapshot by Hunter Shinkaruk.
17:29 of 1st period - Deflect By Mathieu Joseph.
17:29 of 1st period - Stopped by Marcus Hogberg with a rebound.
17:31 of 1st period - Snap shot by Hunter Shinkaruk.
17:31 of 1st period - Stopped by Marcus Hogberg without a rebound.
17:32 of 1st period - Hunter Shinkaruk wins face-off versus Jared McCann in Rockets zone.
17:41 of 1st period - Snap shot by Hunter Shinkaruk.
17:41 of 1st period - Stopped by Marcus Hogberg with a rebound.
17:43 of 1st period - Snap shot by Tobias Bjornfot.
17:43 of 1st period - Stopped by Marcus Hogberg without a rebound.
17:44 of 1st period - Lucas Wallmark wins face-off versus Jared McCann in Rockets zone.
18:52 of 1st period - Slapshot by Lucas Wallmark.
18:52 of 1st period - Deflect By Nicolas Hague.
18:52 of 1st period - Shot Blocked by Jake Evans.
18:52 of 1st period - Puck is out of play.
18:53 of 1st period - Jared McCann wins face-off versus Lucas Wallmark in Rockets zone.
19:02 of 1st period - Snap shot by Maxime Comtois.
19:02 of 1st period - Goal by Maxime Comtois - Admirals : 0 - Rockets : 3.
19:03 of 1st period - Jared McCann wins face-off versus Lucas Wallmark in neutral zone.
19:08 of 1st period - Slapshot by Alexandre Carrier.
19:08 of 1st period - Stopped by Felix Sanstrom with a rebound.
Goals for this period are 0 for Admirals vs 3 for Rockets.
Shots for this period are 9 for Admirals vs 16 for Rockets.

2nd period


0:01 of 2nd period - Lucas Wallmark wins face-off versus Jared McCann in neutral zone.
0:32 of 2nd period - Snap shot by Antti Suomela.
0:32 of 2nd period - Goal by Antti Suomela - Admirals : 1 - Rockets : 3.
0:33 of 2nd period - Lucas Wallmark wins face-off versus Maxime Comtois in neutral zone.
0:50 of 2nd period - Nicolas Hague is hit by Ian Mitchell and loses puck.
0:57 of 2nd period - Reilly Walsh is hit by Jared McCann and loses puck.
1:04 of 2nd period - Wrist shot by Robert Thomas.
1:04 of 2nd period - Stopped by Felix Sanstrom without a rebound.
1:05 of 2nd period - Jacob De La Rose wins face-off versus Antti Suomela in Admirals zone.
1:08 of 2nd period - Snap shot by Trevor Zegras.
1:08 of 2nd period - Stopped by Felix Sanstrom without a rebound.
1:09 of 2nd period - Antti Suomela wins face-off versus Josh Anderson in Admirals zone.
1:37 of 2nd period - Snap shot by Robert Thomas.
1:37 of 2nd period - Stopped by Felix Sanstrom with a rebound.
1:39 of 2nd period - Snap shot by Maxime Comtois.
1:39 of 2nd period - Stopped by Felix Sanstrom with a rebound.
1:41 of 2nd period - Wrist shot by Jared McCann.
1:41 of 2nd period - Deflect By Maxime Comtois.
1:41 of 2nd period - Shot Misses the Net.
1:41 of 2nd period - Puck is out of play.
1:42 of 2nd period - Lucas Wallmark wins face-off versus Jared McCann in Admirals zone.
1:51 of 2nd period - Snap shot by Mathieu Joseph.
1:51 of 2nd period - Shot Misses the Net.
1:53 of 2nd period - Snap shot by Hunter Shinkaruk.
1:53 of 2nd period - Stopped by Marcus Hogberg with a rebound.
3:29 of 2nd period - Icing by Reilly Walsh.
3:30 of 2nd period - Jake Evans wins face-off versus Josh Norris in Admirals zone.
3:37 of 2nd period - Slapshot by Alexandre Carrier.
3:37 of 2nd period - Stopped by Felix Sanstrom with a rebound.
3:39 of 2nd period - Snap shot by Barrett Hayton.
3:39 of 2nd period - Stopped by Felix Sanstrom with a rebound.
3:41 of 2nd period - Slapshot by Simon Benoit.
3:41 of 2nd period - Deflect By Josh Norris.
3:41 of 2nd period - Stopped by Felix Sanstrom with a rebound.
3:45 of 2nd period - Wrist shot by Jake Evans.
3:45 of 2nd period - Shot Blocked by Ian Mitchell.
4:01 of 2nd period - Wrist shot by Hunter Shinkaruk.
4:01 of 2nd period - Shot Misses the Net.
4:03 of 2nd period - Slapshot by Reilly Walsh.
4:03 of 2nd period - Deflect By Hunter Shinkaruk.
4:03 of 2nd period - Stopped by Marcus Hogberg with a rebound.
4:05 of 2nd period - Wrist shot by Hunter Shinkaruk.
4:05 of 2nd period - Shot Blocked by Jacob De La Rose.
4:47 of 2nd period - Snap shot by Riley Barber.
4:47 of 2nd period - Shot Misses the Net.
5:29 of 2nd period - Wrist shot by Mathieu Joseph.
5:29 of 2nd period - Stopped by Marcus Hogberg with a rebound.
5:31 of 2nd period - Snap shot by Hunter Shinkaruk.
5:31 of 2nd period - Stopped by Marcus Hogberg without a rebound.
5:32 of 2nd period - Jake Evans wins face-off versus Lucas Wallmark in Rockets zone.
5:57 of 2nd period - Connor Clifton is hit by Pavol Regenda and loses puck.
6:19 of 2nd period - Sean Durzi is hit by Maxime Comtois.
6:27 of 2nd period - Wrist shot by Robert Thomas.
6:27 of 2nd period - Shot Blocked by Sergei Zborovskiy.
6:27 of 2nd period - Sergei Zborovskiy from Admirals is injured at 6:27 of 2nd period (Sore Left Knee).
6:28 of 2nd period - Lucas Wallmark wins face-off versus Barrett Hayton in Admirals zone.
6:53 of 2nd period - Josh Anderson is hit by Mark McNeill.
7:17 of 2nd period - Tobias Bjornfot is hit by Jared McCann and loses puck.
9:07 of 2nd period - Wrist shot by Mathieu Joseph.
9:07 of 2nd period - Shot Misses the Net.
9:09 of 2nd period - Slapshot by Ian Mitchell.
9:09 of 2nd period - Goal by Ian Mitchell - Admirals : 2 - Rockets : 3.
9:10 of 2nd period - Jake Evans wins face-off versus Pavol Regenda in neutral zone.
9:22 of 2nd period - Wrist shot by Barrett Hayton.
9:22 of 2nd period - Stopped by Felix Sanstrom with a rebound.
9:24 of 2nd period - Snap shot by Jake Evans.
9:24 of 2nd period - Stopped by Felix Sanstrom with a rebound.
9:26 of 2nd period - Slapshot by Tage Thompson.
9:26 of 2nd period - Rockets goal is going for a video replay.
9:26 of 2nd period - The goal is good.
9:26 of 2nd period - Goal by Tage Thompson - Admirals : 2 - Rockets : 4.
9:27 of 2nd period - Jake Evans wins face-off versus Antti Suomela in neutral zone.
9:54 of 2nd period - Simon Benoit is hit by Mathieu Joseph and loses puck.
10:17 of 2nd period - Snap shot by Alexandre Carrier.
10:17 of 2nd period - Stopped by Felix Sanstrom with a rebound.
10:22 of 2nd period - Icing by Ian Mitchell.
10:23 of 2nd period - Josh Norris wins face-off versus Jake Evans in Admirals zone.
10:31 of 2nd period - Minor Penalty to Tage Thompson for Interference.
10:32 of 2nd period - Jacob De La Rose wins face-off versus Lucas Wallmark in Rockets zone.
10:48 of 2nd period - Snap shot by Mathieu Joseph.
10:48 of 2nd period - Stopped by Marcus Hogberg without a rebound.
10:49 of 2nd period - Jacob De La Rose wins face-off versus Lucas Wallmark in Rockets zone.
11:02 of 2nd period - Slapshot by Ian Mitchell.
11:02 of 2nd period - Shot Misses the Net.
11:22 of 2nd period - Wrist shot by Antti Suomela.
11:22 of 2nd period - Shot Misses the Net.
12:31 of 2nd period - Penalty to Tage Thompson is over, Tage Thompson is back on ice.
12:46 of 2nd period - Wrist shot by Riley Barber.
12:46 of 2nd period - Shot Blocked by Alexandre Carrier.
12:48 of 2nd period - Slapshot by Sean Durzi.
12:48 of 2nd period - Deflect By Milos Kelemen.
12:48 of 2nd period - Shot Misses the Net.
12:48 of 2nd period - Puck is out of play.
12:49 of 2nd period - Nolan Vesey wins face-off versus Jared McCann in Rockets zone.
13:14 of 2nd period - Robert Thomas is hit by Antti Suomela and loses puck.
13:29 of 2nd period - Snap shot by Robert Thomas.
13:29 of 2nd period - Shot Hit the Post.
13:31 of 2nd period - Slapshot by Connor Clifton.
13:31 of 2nd period - Shot Misses the Net.
13:33 of 2nd period - Slapshot by Connor Clifton.
13:33 of 2nd period - Shot Misses the Net.
13:42 of 2nd period - Slapshot by Robert Thomas.
13:42 of 2nd period - Stopped by Felix Sanstrom with a rebound.
13:44 of 2nd period - Snap shot by Maxime Comtois.
13:44 of 2nd period - Stopped by Felix Sanstrom without a rebound.
13:45 of 2nd period - Lucas Wallmark wins face-off versus Jake Evans in Admirals zone.
14:01 of 2nd period - Slapshot by Barrett Hayton.
14:01 of 2nd period - Shot Misses the Net.
14:37 of 2nd period - Snap shot by Jacob De La Rose.
14:37 of 2nd period - Shot Misses the Net.
14:39 of 2nd period - Slapshot by Jackson LaCombe.
14:39 of 2nd period - Stopped by Felix Sanstrom without a rebound.
14:40 of 2nd period - Antti Suomela wins face-off versus Jacob De La Rose in Admirals zone.
14:40 of 2nd period - Antti Suomela is hit by Jacob De La Rose.
14:43 of 2nd period - Minor Penalty to Olli Juolevi for Tripping.
14:44 of 2nd period - Maxime Comtois wins face-off versus Lucas Wallmark in Admirals zone.
14:46 of 2nd period - Snap shot by Trevor Zegras.
14:46 of 2nd period - Deflect By Lucas Wallmark.
14:46 of 2nd period - Shot Blocked by Ian Mitchell.
14:46 of 2nd period - Puck is out of play.
14:47 of 2nd period - Maxime Comtois wins face-off versus Lucas Wallmark in Admirals zone.
16:43 of 2nd period - Penalty to Olli Juolevi is over, Olli Juolevi is back on ice.
16:52 of 2nd period - Snap shot by Jacob De La Rose.
16:52 of 2nd period - Shot Misses the Net.
16:54 of 2nd period - Snap shot by Nicolas Hague.
16:54 of 2nd period - Shot Misses the Net.
18:18 of 2nd period - Snap shot by Maxime Comtois.
18:18 of 2nd period - Stopped by Felix Sanstrom with a rebound.
18:51 of 2nd period - Snap shot by Maxime Comtois.
18:51 of 2nd period - Stopped by Felix Sanstrom with a rebound.
18:53 of 2nd period - Wrist shot by Kirby Dach.
18:53 of 2nd period - Stopped by Felix Sanstrom without a rebound.
18:54 of 2nd period - Jake Evans wins face-off versus Lucas Wallmark in Admirals zone.
19:19 of 2nd period - Josh Wesley is hit by Jacob De La Rose and loses puck.
19:55 of 2nd period - Tage Thompson is hit by Riley Barber and loses puck.
Goals for this period are 2 for Admirals vs 1 for Rockets.
Shots for this period are 7 for Admirals vs 17 for Rockets.

3rd period


0:01 of 3rd period - Hunter Shinkaruk wins face-off versus Jared McCann in neutral zone.
0:08 of 3rd period - Snap shot by Lucas Wallmark.
0:08 of 3rd period - Stopped by Marcus Hogberg with a rebound.
0:10 of 3rd period - Slapshot by Reilly Walsh.
0:10 of 3rd period - Shot Blocked by Jared McCann.
0:12 of 3rd period - Slapshot by Ian Mitchell.
0:12 of 3rd period - Deflect By Simon Benoit.
0:12 of 3rd period - Stopped by Marcus Hogberg without a rebound.
0:13 of 3rd period - Lucas Wallmark wins face-off versus Jacob De La Rose in Rockets zone.
0:40 of 3rd period - Maxime Comtois is hit by Tobias Bjornfot and loses puck.
0:59 of 3rd period - Backhand shot by Jacob Bryson.
0:59 of 3rd period - Stopped by Felix Sanstrom with a rebound.
1:01 of 3rd period - Slapshot by Jacob Bryson.
1:01 of 3rd period - Shot Misses the Net.
1:07 of 3rd period - Slapshot by Jake Evans.
1:07 of 3rd period - Shot Misses the Net.
2:28 of 3rd period - Off-side.
2:29 of 3rd period - Mathieu Joseph wins face-off versus Jacob De La Rose in neutral zone.
3:16 of 3rd period - Wrist shot by Nolan Vesey.
3:16 of 3rd period - Stopped by Marcus Hogberg without a rebound.
3:17 of 3rd period - Jake Evans wins face-off versus Josh Norris in Rockets zone.
3:24 of 3rd period - Snap shot by Jake Evans.
3:24 of 3rd period - Shot Blocked by Tobias Bjornfot.
3:29 of 3rd period - Icing by Tobias Bjornfot.
3:30 of 3rd period - Josh Norris wins face-off versus Jacob De La Rose in Admirals zone.
3:30 of 3rd period - Josh Norris is hit by Trevor Zegras.
3:36 of 3rd period - Snap shot by Kasper Bjorkqvist.
3:36 of 3rd period - Shot Blocked by Jacob De La Rose.
3:58 of 3rd period - Slapshot by Olli Juolevi.
3:58 of 3rd period - Shot Blocked by Simon Benoit.
4:00 of 3rd period - Slapshot by Olli Juolevi.
4:00 of 3rd period - Stopped by Marcus Hogberg with a rebound.
4:02 of 3rd period - Wrist shot by Lucas Wallmark.
4:02 of 3rd period - Shot Misses the Net.
4:14 of 3rd period - Minor Penalty to Maxime Comtois for High sticking.
4:15 of 3rd period - Jacob De La Rose wins face-off versus Lucas Wallmark in Rockets zone.
4:15 of 3rd period - Jacob De La Rose is hit by Hunter Shinkaruk.
4:23 of 3rd period - Off-side.
4:24 of 3rd period - Lucas Wallmark wins face-off versus Jacob De La Rose in neutral zone.
5:01 of 3rd period - Snap shot by Lucas Wallmark.
5:01 of 3rd period - Stopped by Marcus Hogberg with a rebound.
5:03 of 3rd period - Snap shot by Lucas Wallmark.
5:03 of 3rd period - Shot Blocked by Tage Thompson.
5:05 of 3rd period - Slapshot by Reilly Walsh.
5:05 of 3rd period - Stopped by Marcus Hogberg without a rebound.
5:06 of 3rd period - Antti Suomela wins face-off versus Josh Anderson in Rockets zone.
5:09 of 3rd period - Slapshot by Olli Juolevi.
5:09 of 3rd period - Stopped by Marcus Hogberg with a rebound.
6:14 of 3rd period - Penalty to Maxime Comtois is over, Maxime Comtois is back on ice.
6:29 of 3rd period - Snap shot by Cole Caufield.
6:29 of 3rd period - Stopped by Felix Sanstrom without a rebound.
6:30 of 3rd period - Jared McCann wins face-off versus Josh Norris in Admirals zone.
6:45 of 3rd period - Snap shot by Kasper Bjorkqvist.
6:45 of 3rd period - Stopped by Marcus Hogberg with a rebound.
7:02 of 3rd period - Off-side.
7:03 of 3rd period - Jake Evans wins face-off versus Lucas Wallmark in neutral zone.
7:18 of 3rd period - Off-side.
7:19 of 3rd period - Antti Suomela wins face-off versus Jacob De La Rose in neutral zone.
7:24 of 3rd period - Slapshot by Reilly Walsh.
7:24 of 3rd period - Shot Blocked by Jacob De La Rose.
8:18 of 3rd period - Slapshot by Riley Barber.
8:18 of 3rd period - Shot Misses the Net.
8:20 of 3rd period - Snap shot by Ryan Olsen.
8:20 of 3rd period - Goal by Ryan Olsen - Admirals : 3 - Rockets : 4.
8:21 of 3rd period - Jared McCann wins face-off versus Lucas Wallmark in neutral zone.
8:21 of 3rd period - Jared McCann is hit by Mathieu Joseph.
8:27 of 3rd period - Wrist shot by Jared McCann.
8:27 of 3rd period - Stopped by Felix Sanstrom without a rebound.
8:28 of 3rd period - Jared McCann wins face-off versus Mathieu Joseph in Admirals zone.
8:59 of 3rd period - Snap shot by Mark McNeill.
8:59 of 3rd period - Stopped by Marcus Hogberg with a rebound.
9:47 of 3rd period - Snap shot by Josh Anderson.
9:47 of 3rd period - Shot Blocked by Olli Juolevi.
10:46 of 3rd period - Robert Thomas is hit by Nolan Vesey.
11:06 of 3rd period - Kristians Rubins is hit by Milos Kelemen and loses puck.
11:15 of 3rd period - Slapshot by Riley Barber.
11:15 of 3rd period - Shot Blocked by Alex Newhook.
11:42 of 3rd period - Minor Penalty to Ian Mitchell for Interference.
11:43 of 3rd period - Kirby Dach wins face-off versus Lucas Wallmark in Admirals zone.
12:11 of 3rd period - Slapshot by Jared McCann.
12:11 of 3rd period - Shot Misses the Net.
12:13 of 3rd period - Slapshot by Jared McCann.
12:13 of 3rd period - Deflect By Robert Thomas.
12:13 of 3rd period - Shot Misses the Net.
12:13 of 3rd period - Puck is out of play.
12:14 of 3rd period - Maxime Comtois wins face-off versus Lucas Wallmark in Admirals zone.
12:21 of 3rd period - Snap shot by Trevor Zegras.
12:21 of 3rd period - Shot Misses the Net.
12:23 of 3rd period - Wrist shot by Robert Thomas.
12:23 of 3rd period - Stopped by Felix Sanstrom with a rebound.
12:35 of 3rd period - Alexandre Carrier is hit by Mark McNeill and loses puck.
13:30 of 3rd period - Olli Juolevi is hit by Trevor Zegras and loses puck.
13:42 of 3rd period - Penalty to Ian Mitchell is over, Ian Mitchell is back on ice.
13:50 of 3rd period - Snap shot by Mathieu Joseph.
13:50 of 3rd period - Stopped by Marcus Hogberg without a rebound.
13:51 of 3rd period - Jacob De La Rose wins face-off versus Pavol Regenda in Rockets zone.
14:16 of 3rd period - Josh Norris is hit by Jacob Bryson and loses puck.
14:39 of 3rd period - Riley Barber is hit by Jared McCann and loses puck.
14:54 of 3rd period - Barrett Hayton is hit by Mark McNeill and loses puck.
16:15 of 3rd period - Slapshot by Reilly Walsh.
16:15 of 3rd period - Shot Misses the Net.
16:23 of 3rd period - Snap shot by Simon Benoit.
16:23 of 3rd period - Stopped by Felix Sanstrom with a rebound.
16:33 of 3rd period - Antti Suomela is hit by Jared McCann and loses puck.
17:10 of 3rd period - Snap shot by Kasper Bjorkqvist.
17:10 of 3rd period - Deflect By Josh Norris.
17:10 of 3rd period - Stopped by Marcus Hogberg with a rebound.
17:12 of 3rd period - Slapshot by Christian Djoos.
17:12 of 3rd period - Stopped by Marcus Hogberg with a rebound.
17:14 of 3rd period - Wrist shot by Josh Norris.
17:14 of 3rd period - Shot Misses the Net.
17:26 of 3rd period - Jake Evans is hit by Christian Djoos and loses puck.
17:39 of 3rd period - Snap shot by Jacob De La Rose.
17:39 of 3rd period - Shot Misses the Net.
17:41 of 3rd period - Snap shot by Trevor Zegras.
17:41 of 3rd period - Stopped by Felix Sanstrom with a rebound.
17:43 of 3rd period - Wrist shot by Josh Anderson.
17:43 of 3rd period - Stopped by Felix Sanstrom with a rebound.
18:32 of 3rd period - Snap shot by Kasper Bjorkqvist.
18:32 of 3rd period - Goal by Kasper Bjorkqvist - Admirals : 4 - Rockets : 4.
18:33 of 3rd period - Josh Norris wins face-off versus Jake Evans in neutral zone.
19:24 of 3rd period - Trevor Zegras is hit by Lucas Wallmark and loses puck.
19:58 of 3rd period - Slapshot by Robert Thomas.
19:58 of 3rd period - Shot Misses the Net.
Goals for this period are 2 for Admirals vs 0 for Rockets.
Shots for this period are 14 for Admirals vs 7 for Rockets.

Overtime #1


0:01 of 1st overtime period - Jake Evans wins face-off versus Hunter Shinkaruk in neutral zone.
0:30 of 1st overtime period - Snap shot by Josh Anderson.
0:30 of 1st overtime period - Shot Misses the Net.
1:02 of 1st overtime period - Slapshot by Pavol Regenda.
1:02 of 1st overtime period - Shot Blocked by Alexandre Carrier.
2:42 of 1st overtime period - Jake Evans is hit by Mathieu Joseph and loses puck.
3:12 of 1st overtime period - Barrett Hayton is hit by Mathieu Joseph and loses puck.
3:42 of 1st overtime period - Nicolas Hague is hit by Olli Juolevi.
3:43 of 1st overtime period - Nicolas Hague from Rockets is injured at 3:43 of 1st overtime period (Abdominal Strain).
3:44 of 1st overtime period - Mark McNeill wins face-off versus Jake Evans in Rockets zone.
3:55 of 1st overtime period - Wrist shot by Mark McNeill.
3:55 of 1st overtime period - Shot Misses the Net.
4:08 of 1st overtime period - Icing by Hunter Shinkaruk.
4:09 of 1st overtime period - Jared McCann wins face-off versus Lucas Wallmark in Admirals zone.
4:16 of 1st overtime period - Wrist shot by Jacob De La Rose.
4:16 of 1st overtime period - Goal by Jacob De La Rose - Admirals : 4 - Rockets : 5.
Goals for this period are 0 for Admirals vs 1 for Rockets.
Shots for this period are 0 for Admirals vs 1 for Rockets.